[Event "European Online Club-ch-I 2021"]
[Site "Online"]
[Date "2021.03.27"]
[Round "6.9"]
[White "Moranda, Wojciech"]
[Black "Arnaudov, G. Petar"]
[Result "1/2-1/2"]
[ECO "A13"]
[WhiteElo "2618"]
[BlackElo "2471"]
[Annotator "ChessBase"]
[PlyCount "122"]
[EventDate "2021.03.27"]
[EventType "team-tourn"]
[EventCountry "NET"]
[SourceTitle "playchess.com"]
[Source "ChessBase"]
[SourceQuality "1"]
[TimeControl "900+5"]

1. Nf3 Nf6 2. c4 e6 3. g3 d5 4. Bg2 d4 5. O-O c5 6. b4 cxb4 7. a3 Nc6 8. axb4 Bxb4 9. Ne5 Nxe5 10. Qa4+ Nc6 11. Bxc6+ bxc6 12. Qxb4 Nd7 13. d3 c5 14. Qa5 O-O 15. Nd2 Bb7 16. Qxd8 Rfxd8 17. Ra5 e5 18. Ba3 Rdc8 19. Nb3 e4 20. Bxc5 exd3 21. exd3 Bf3 22. Bxd4 Be2 23. Rc1 Bxd3 24. Nd2 a6 25. Ra3 Bf5 26. c5 Nb8 27. Nc4 Nc6 28. Be3 Rd8 29. Nd6 Bg4 30. Rb1 Rab8 31. Rxb8 Rxb8 32. Rxa6 Bf3 33. Rb6 Ra8 34. Rb1 h5 35. h3 Ne5 36. Bd4 Nc6 37. Bc3 Ra3 38. Rc1 Rb3 39. Kh2 f6 40. g4 hxg4 41. hxg4 Bxg4 42. Ne4 Bf5 43. Nd2 Rb5 44. Ba1 Kf7 45. Nc4 Rb1 46. Rxb1 Bxb1 47. Kg3 Ke6 48. Nd6 Kd5 49. Ne8 g6 50. Nxf6+ Kxc5 51. Ng4 Kd5 52. Ne3+ Ke6 53. f4 Ne7 54. Bb2 Nf5+ 55. Nxf5 Kxf5 56. Ba1 g5 57. fxg5 Kxg5 58. Bb2 Bf5 59. Ba1 Bb1 60. Bb2 Bf5 61. Ba1 Bb1 1/2-1/2

[Event "European Online Club-ch-I 2021"]
[Site "Online"]
[Date "2021.03.27"]
[Round "6.10"]
[White "Godart, Francois"]
[Black "Tomczak, Jacek"]
[Result "0-1"]
[ECO "C06"]
[WhiteElo "2422"]
[BlackElo "2610"]
[Annotator "ChessBase"]
[PlyCount "66"]
[EventDate "2021.03.27"]
[EventType "team-tourn"]
[EventCountry "NET"]
[SourceTitle "playchess.com"]
[Source "ChessBase"]
[SourceQuality "1"]
[TimeControl "900+5"]

1. e4 e6 2. d4 d5 3. Nd2 Be7 4. Ngf3 Nf6 5. e5 Nfd7 6. Bd3 c5 7. c3 Nc6 8. O-O h5 9. Re1 cxd4 10. cxd4 g5 11. Nb3 g4 12. Nfd2 Nb4 13. Bb1 a5 14. a3 Nc6 15. a4 b6 16. Nf1 Ba6 17. Ne3 Rc8 18. Bd3 Ndb8 19. Bxa6 Nxa6 20. Bd2 Ncb4 21. Qe2 Qd7 22. Rec1 Rxc1+ 23. Nxc1 Kd8 24. Nd3 Nc6 25. Nc2 Kc7 26. Rb1 Kb7 27. f3 f5 28. exf6 Bxf6 29. Bc3 Qg7 30. fxg4 hxg4 31. Ne5 Bxe5 32. dxe5 Nc5 33. Nd4 Qh7 0-1

[Event "European Online Club-ch-I 2021"]
[Site "Online"]
[Date "2021.03.27"]
[Round "6.11"]
[White "Klekowski, Maciej"]
[Black "Marechal, Andy"]
[Result "1-0"]
[ECO "A25"]
[WhiteElo "2510"]
[BlackElo "2332"]
[Annotator "ChessBase"]
[PlyCount "33"]
[EventDate "2021.03.27"]
[EventType "team-tourn"]
[EventCountry "NET"]
[SourceTitle "playchess.com"]
[Source "ChessBase"]
[SourceQuality "1"]
[TimeControl "900+5"]

1. c4 e5 2. Nc3 Nc6 3. g3 f5 4. Bg2 Nf6 5. d3 Bb4 6. Bd2 O-O 7. e3 f4 8. Nf3 fxe3 9. fxe3 d6 10. O-O e4 11. Nxe4 Nxe4 12. Bxb4 Nxg3 13. hxg3 Nxb4 14. Nh4 c6 15. Qh5 Re8 16. Be4 Rxe4 17. Qf7+ 1-0

[Event "European Online Club-ch-I 2021"]
[Site "Online"]
[Date "2021.03.27"]
[Round "6.12"]
[White "Dishman, Stephen"]
[Black "Teclaf, Pawel"]
[Result "1/2-1/2"]
[ECO "A30"]
[WhiteElo "2316"]
[BlackElo "2507"]
[Annotator "ChessBase"]
[PlyCount "111"]
[EventDate "2021.03.27"]
[EventType "team-tourn"]
[EventCountry "NET"]
[SourceTitle "playchess.com"]
[Source "ChessBase"]
[SourceQuality "1"]
[TimeControl "900+5"]

1. Nf3 c5 2. c4 b6 3. g3 Bb7 4. Bg2 Nf6 5. O-O g6 6. Nc3 Bg7 7. d4 Ne4 8. Nxe4 Bxe4 9. d5 O-O 10. Bh3 Bxf3 11. exf3 e6 12. f4 exd5 13. Qxd5 Nc6 14. Rb1 Nb4 15. Qxd7 Qxd7 16. Bxd7 Rad8 17. Rd1 Nxa2 18. Be3 Nb4 19. Rd2 f5 20. Rbd1 Bf6 21. Be6+ Kh8 22. b3 Rxd2 23. Rxd2 Rd8 24. Rxd8+ Bxd8 25. Bd2 Na2 26. Kf1 Bf6 27. Ke2 Bc3 28. Be3 Nb4 29. f3 Kg7 30. g4 Nc2 31. gxf5 Kf6 32. Bf2 gxf5 33. Bd7 Kg6 34. Kd3 Bd4 35. Kxc2 Bxf2 36. Kd3 Bg1 37. h3 Kf6 38. Bc8 Bf2 39. Bd7 Be1 40. Bc8 Bb4 41. Bd7 Ba3 42. Kc2 Bb4 43. Kd3 h6 44. Bc8 Be1 45. Bd7 Bh4 46. Bc8 Kg6 47. Bd7 Be7 48. Bc8 Bf6 49. Bd7 Bd8 50. Bc8 Kf6 51. Bd7 Bc7 52. Ke3 Bd6 53. Bc8 Bc7 54. Bd7 Bd6 55. Bc8 Bc7 56. Bd7 1/2-1/2

[Event "European Online Club-ch-I 2021"]
[Site "Online"]
[Date "2021.03.27"]
[Round "6.13"]
[White "Anton Guijarro, David"]
[Black "Javakhishvili, Lela"]
[Result "1/2-1/2"]
[ECO "A35"]
[WhiteElo "2673"]
[BlackElo "2473"]
[Annotator "ChessBase"]
[PlyCount "93"]
[EventDate "2021.03.27"]
[EventType "team-tourn"]
[EventCountry "NET"]
[SourceTitle "playchess.com"]
[Source "ChessBase"]
[SourceQuality "1"]
[TimeControl "900+5"]

1. Nf3 c5 2. c4 Nc6 3. Nc3 g6 4. e3 Nf6 5. d4 cxd4 6. exd4 d5 7. h3 Bg7 8. c5 O-O 9. Bb5 Ne4 10. O-O Nxc3 11. bxc3 Qa5 12. Qb3 Bf5 13. Bg5 Rfe8 14. Rfe1 h6 15. Bf4 g5 16. Be5 Nxe5 17. Nxe5 Red8 18. Re3 Qc7 19. Rae1 e6 20. Be2 b6 21. cxb6 axb6 22. Bh5 Rf8 23. R1e2 Be4 24. Nf3 Ra7 25. Rb2 Bf6 26. Nd2 Bf5 27. Nf1 Kg7 28. Ng3 Bh7 29. Bd1 Be7 30. Bc2 Ra3 31. Qb5 Rxc3 32. Bxh7 Rxe3 33. Nh5+ Kxh7 34. fxe3 Qc3 35. Qe2 Kg6 36. Ng3 Bb4 37. Nf1 Rc8 38. Rb3 Qe1 39. Qd3+ Kg7 40. Rb1 Qc3 41. Qxc3 Bxc3 42. Rxb6 Ba5 43. Rb5 Be1 44. Rb1 Ba5 45. Rb5 Be1 46. Rb1 Ba5 47. Rb5 1/2-1/2

[Event "European Online Club-ch-I 2021"]
[Site "Online"]
[Date "2021.03.27"]
[Round "6.14"]
[White "Bulmaga, Irina"]
[Black "Mchedlishvili, Mikheil"]
[Result "0-1"]
[ECO "B90"]
[WhiteElo "2440"]
[BlackElo "2570"]
[Annotator "ChessBase"]
[PlyCount "88"]
[EventDate "2021.03.27"]
[EventType "team-tourn"]
[EventCountry "NET"]
[SourceTitle "playchess.com"]
[Source "ChessBase"]
[SourceQuality "1"]
[TimeControl "900+5"]

1. e4 c5 2. Nf3 d6 3. d4 cxd4 4. Nxd4 Nf6 5. Nc3 a6 6. Be3 e5 7. Nb3 Be7 8. h3 h6 9. f4 Nbd7 10. g4 b5 11. Bg2 Bb7 12. Qd2 O-O 13. O-O-O b4 14. Nd5 Nxd5 15. exd5 a5 16. Kb1 Qc7 17. h4 a4 18. Nc1 Rfc8 19. g5 h5 20. f5 Bd8 21. Be4 Nc5 22. Bxc5 Qxc5 23. Nd3 Qd4 24. Qe2 a3 25. b3 Rab8 26. c4 bxc3 27. Kc2 Bxd5 28. Nf2 Qxf2 29. Qxf2 Bxe4+ 30. Kc1 c2 31. Rd2 Bb6 32. Qe2 Bxh1 33. g6 Ba5 34. Rxc2 Rxc2+ 35. Qxc2 Bb7 36. Kd1 Bf3+ 37. Kc1 fxg6 38. fxg6 Bg4 39. Qc4+ Kh8 40. Qd3 Rc8+ 41. Kb1 Bb6 42. b4 Bd4 43. b5 d5 44. Qd2 Bf5+ 0-1

[Event "European Online Club-ch-I 2021"]
[Site "Online"]
[Date "2021.03.27"]
[Round "6.15"]
[White "Ibarra Jerez, Jose Carlos"]
[Black "Atalik, Ekaterina"]
[Result "1-0"]
[ECO "C45"]
[WhiteElo "2553"]
[BlackElo "2430"]
[Annotator "ChessBase"]
[PlyCount "91"]
[EventDate "2021.03.27"]
[EventType "team-tourn"]
[EventCountry "NET"]
[SourceTitle "playchess.com"]
[Source "ChessBase"]
[SourceQuality "1"]
[TimeControl "900+5"]

1. e4 e5 2. Nf3 Nc6 3. d4 exd4 4. Nxd4 Bc5 5. Nb3 Bb6 6. Qe2 d6 7. Nc3 Nge7 8. Be3 O-O 9. O-O-O Bxe3+ 10. Qxe3 a5 11. a3 a4 12. Nd4 Bd7 13. f4 Re8 14. Bc4 Nxd4 15. Qxd4 Nc6 16. Qf2 Na5 17. Ba2 b5 18. e5 dxe5 19. Ne4 Qe7 20. f5 Ra6 21. Rhf1 Nc4 22. f6 gxf6 23. Bxc4 bxc4 24. Nxf6+ Rxf6 25. Qxf6 Qxf6 26. Rxf6 Be6 27. g4 Kg7 28. g5 c6 29. Re1 Bd5 30. h4 c3 31. bxc3 e4 32. c4 Bxc4 33. Rxc6 Bd5 34. Rc5 Ba8 35. Kd2 Rb8 36. Rf1 Rd8+ 37. Ke3 Rd7 38. Rf6 Bd5 39. h5 Kf8 40. Rb6 Ke7 41. c4 Be6 42. Kxe4 Rd1 43. Rc7+ Kd8 44. Ra7 Kc8 45. Rxe6 Re1+ 46. Kd4 1-0

[Event "European Online Club-ch-I 2021"]
[Site "Online"]
[Date "2021.03.27"]
[Round "6.16"]
[White "Daulyte-Cornette, Deimante"]
[Black "Cuenca Jimenez, Jose Fernando"]
[Result "1-0"]
[ECO "C42"]
[WhiteElo "2387"]
[BlackElo "2506"]
[Annotator "ChessBase"]
[PlyCount "121"]
[EventDate "2021.03.27"]
[EventType "team-tourn"]
[EventCountry "NET"]
[SourceTitle "playchess.com"]
[Source "ChessBase"]
[SourceQuality "1"]
[TimeControl "900+5"]

1. e4 e5 2. Bc4 Nf6 3. Nc3 Nc6 4. d3 Bb4 5. Nf3 d6 6. h3 O-O 7. Bg5 Bxc3+ 8. bxc3 Qe7 9. O-O Nd8 10. Re1 Ne6 11. Bc1 Nc5 12. Bg5 h6 13. Bh4 Ne6 14. Bxe6 Qxe6 15. d4 Nd7 16. Nd2 b6 17. Qg4 Re8 18. Nf1 Nf8 19. Qh5 Qg6 20. Qxg6 Nxg6 21. Bg3 Be6 22. Ne3 f6 23. f3 a5 24. a3 Ne7 25. f4 exf4 26. Bxf4 Bf7 27. g4 Ng6 28. Ng2 Re7 29. Re3 Rae8 30. Rae1 Nf8 31. Kf2 g5 32. Bg3 Bg6 33. Kf3 Nd7 34. R1e2 Nb8 35. Ne1 Nc6 36. Nd3 a4 37. Nb2 b5 38. h4 b4 39. axb4 a3 40. Nc4 a2 41. Re1 Bxe4+ 42. Kf2 Bd5 43. Rxe7 Rxe7 44. Ne3 Na7 45. Ra1 Rxe3 46. Kxe3 Nb5 47. Kd2 Na3 48. Kc1 Nb1 49. Kb2 Kf7 50. hxg5 hxg5 51. Be1 Ke6 52. Rxa2 Bxa2 53. Kxa2 Kd5 54. Kxb1 Ke4 55. b5 Kd5 56. Kb2 Kc4 57. Bf2 Kxb5 58. Kb3 d5 59. c4+ dxc4+ 60. Kc3 c6 61. Be3 1-0

[Event "European Online Club-ch-I 2021"]
[Site "Online"]
[Date "2021.03.27"]
[Round "6.17"]
[White "Saric, Ivan"]
[Black "Iskandarov, Misratdin"]
[Result "1/2-1/2"]
[ECO "C73"]
[WhiteElo "2648"]
[BlackElo "2535"]
[Annotator "ChessBase"]
[PlyCount "77"]
[EventDate "2021.03.27"]
[EventType "team-tourn"]
[EventCountry "NET"]
[SourceTitle "playchess.com"]
[Source "ChessBase"]
[SourceQuality "1"]
[TimeControl "900+5"]

1. e4 e5 2. Nf3 Nc6 3. Bb5 a6 4. Ba4 d6 5. O-O g6 6. Bxc6+ bxc6 7. d4 f6 8. c4 Bg7 9. Nc3 Ne7 10. dxe5 fxe5 11. c5 O-O 12. Qb3+ Kh8 13. Ng5 d5 14. Re1 h6 15. Nf3 Bg4 16. Nd2 Qd7 17. Nf1 Be6 18. Qa4 d4 19. Nd1 g5 20. Ng3 Ng6 21. f3 Nh4 22. Rf1 g4 23. f4 exf4 24. Bxf4 Nf3+ 25. gxf3 Rxf4 26. fxg4 Rxf1+ 27. Kxf1 Rf8+ 28. Nf5 Qe7 29. Qxc6 Bc4+ 30. Kg2 Rxf5 31. gxf5 Qg5+ 32. Kh1 Qf4 33. Qe8+ Bg8 34. Kg2 Qg4+ 35. Kf1 Qh3+ 36. Kg1 Qg4+ 37. Kf1 Qh3+ 38. Kg1 Qg4+ 39. Kf1 1/2-1/2

[Event "European Online Club-ch-I 2021"]
[Site "Online"]
[Date "2021.03.27"]
[Round "6.18"]
[White "Ibrahimov, Rasul"]
[Black "Heberla, Bartlomiej"]
[Result "0-1"]
[ECO "E94"]
[WhiteElo "2527"]
[BlackElo "2556"]
[Annotator "ChessBase"]
[PlyCount "84"]
[EventDate "2021.03.27"]
[EventType "team-tourn"]
[EventCountry "NET"]
[SourceTitle "playchess.com"]
[Source "ChessBase"]
[SourceQuality "1"]
[TimeControl "900+5"]

1. Nf3 Nf6 2. c4 g6 3. Nc3 Bg7 4. e4 O-O 5. d4 d6 6. Be2 Nbd7 7. O-O e5 8. Be3 c6 9. d5 c5 10. Nd2 Kh8 11. Rb1 Ng8 12. f3 f5 13. b4 f4 14. Bf2 g5 15. bxc5 Nxc5 16. Nb3 b6 17. Nxc5 bxc5 18. Qa4 a6 19. Rb3 Bd7 20. Qa3 Rf6 21. Rfb1 Rg6 22. h3 h5 23. Na4 g4 24. fxg4 hxg4 25. hxg4 Bxg4 26. Bxg4 Rxg4 27. Rh3+ Nh6 28. Qf3 Rg6 29. Rb7 Rb8 30. Rb3 Rxb3 31. axb3 Kg8 32. Kf1 Ng4 33. Rh5 Qa5 34. Be1 Qd8 35. Ke2 Ne3 36. g3 Nc2 37. Bf2 Rxg3 38. Qh1 Rxb3 39. Qd1 Qa5 40. Nxc5 dxc5 41. Qxc2 Qb4 42. Be1 Re3+ 0-1

[Event "European Online Club-ch-I 2021"]
[Site "Online"]
[Date "2021.03.27"]
[Round "6.19"]
[White "Polak, Tomas"]
[Black "Muradli, Mahammad"]
[Result "0-1"]
[ECO "A41"]
[WhiteElo "2553"]
[BlackElo "2449"]
[Annotator "ChessBase"]
[PlyCount "92"]
[EventDate "2021.03.27"]
[EventType "team-tourn"]
[EventCountry "NET"]
[SourceTitle "playchess.com"]
[Source "ChessBase"]
[SourceQuality "1"]
[TimeControl "900+5"]

1. d4 d6 2. Nf3 g6 3. c4 Bg7 4. e4 Bg4 5. Be2 Nc6 6. d5 Bxf3 7. Bxf3 Nd4 8. Nc3 c5 9. dxc6 bxc6 10. O-O Rb8 11. Qd3 c5 12. Bd1 Nf6 13. Ba4+ Nd7 14. f4 O-O 15. Rf2 Nb6 16. Bd1 e6 17. Bf3 a5 18. Bd2 a4 19. Raf1 Qc8 20. Bd1 Qa6 21. Nb5 Nxc4 22. Nxd6 Qxd6 23. Qxc4 Rxb2 24. Bc3 Rxf2 25. Rxf2 Nb5 26. Bxg7 Kxg7 27. Bxa4 Nd4 28. e5 Qb6 29. Rf1 Rb8 30. Rc1 Qb2 31. Bd1 Qd2 32. Qc3 Qxf4 33. Bf3 Qxe5 34. Qd3 Rb2 35. Rf1 Rxa2 36. Bd1 Nf5 37. Qf3 Qe3+ 38. Kh1 Qxf3 39. Bxf3 c4 40. Rc1 c3 41. Kg1 Ra3 42. Kf2 Nd4 43. Bb7 Rb3 44. Ba6 c2 45. Ke1 Rb1 46. Kd2 Nb3+ 0-1

[Event "European Online Club-ch-I 2021"]
[Site "Online"]
[Date "2021.03.27"]
[Round "6.20"]
[White "Bashirli, Nail"]
[Black "Nayhebaver, Martin"]
[Result "1-0"]
[ECO "B23"]
[WhiteElo "2382"]
[BlackElo "2485"]
[Annotator "ChessBase"]
[PlyCount "125"]
[EventDate "2021.03.27"]
[EventType "team-tourn"]
[EventCountry "NET"]
[SourceTitle "playchess.com"]
[Source "ChessBase"]
[SourceQuality "1"]
[TimeControl "900+5"]

1. e4 c5 2. Nc3 Nc6 3. Bb5 Nd4 4. Nf3 Nxb5 5. Nxb5 d6 6. d4 Nf6 7. O-O Nxe4 8. Re1 a6 9. Rxe4 axb5 10. dxc5 dxc5 11. Qe2 Qb6 12. Bg5 f6 13. Be3 Bf5 14. Rf4 Bd7 15. Rd1 Qc7 16. b4 e5 17. Rh4 cxb4 18. h3 Be7 19. Qd3 O-O-O 20. Rxh7 Rhg8 21. Qg6 Be8 22. Qg4+ Bd7 23. Qg6 Be8 24. Rxd8+ Qxd8 25. Qg4+ Qd7 26. Qe4 Bf7 27. Nh4 Qc6 28. Qg4+ Qe6 29. Nf5 Bf8 30. Rh4 Kb8 31. Qf3 Bg6 32. Ng3 Bxc2 33. Qe2 Qc6 34. Bd2 Bc5 35. Bxb4 g5 36. Rg4 f5 37. Qxe5+ Ka8 38. Bxc5 fxg4 39. hxg4 Re8 40. Qxg5 Bb1 41. a3 Ba2 42. Be3 Bd5 43. f3 Bc4 44. Bf2 Qd7 45. Qc5 Kb8 46. Nf5 Qd1+ 47. Kh2 Rh8+ 48. Kg3 Qh1 49. Qa7+ Kc8 50. Qc5+ Kb8 51. Be3 Qe1+ 52. Kf4 Qh1 53. Qd6+ Ka8 54. Qd4 Qh2+ 55. g3 Kb8 56. Qe5+ Ka8 57. Qc5 Kb8 58. Bd4 Re8 59. Be5+ Ka8 60. Qb4 b6 61. Qd6 Rc8 62. Qd7 Rg8 63. Qd6 1-0

[Event "European Online Club-ch-I 2021"]
[Site "Online"]
[Date "2021.03.27"]
[Round "7.1"]
[White "Muradli, Mahammad"]
[Black "Ribbegren, Karl Johan"]
[Result "1-0"]
[ECO "A56"]
[WhiteElo "2449"]
[BlackElo "2185"]
[Annotator "NA"]
[PlyCount "87"]
[EventDate "2021.03.27"]
[EventType "team-tourn"]
[EventCountry "NET"]
[SourceTitle "playchess.com"]
[Source "ChessBase"]
[SourceQuality "1"]
[TimeControl "900+5"]

1. d4 Nf6 2. c4 c5 3. d5 e5 4. Nc3 d6 5. e4 Nbd7 6. Be2 Be7 7. Be3 a6 8. a4 Nf8 9. h4 h5 10. f3 N6h7 11. g3 g5 12. hxg5 Bxg5 13. f4 exf4 14. gxf4 Bh4+ 15. Kd2 Ng6 16. Bxh5 Nf6 17. Bf3 Qe7 18. Kc2 Bd7 19. f5 Ne5 20. Bg5 O-O-O 21. Rxh4 Rhg8 22. Nh3 Rxg5 23. Nxg5 Rg8 24. Qd2 Rxg5 25. Qxg5 Nxf3 26. Rh8+ Kc7 27. Qf4 Nd4+ 28. Kd3 Bc8 29. Qh4 Nf3 30. Qg3 Ne5+ 31. Kc2 Nxc4 32. Re1 Qe5 33. Qxe5 Nxe5 34. a5 Nf3 35. Rf1 Nd4+ 36. Kb1 Ng4 37. Rf8 Ne5 38. Rg1 Nb3 39. Rg7 Bd7 40. Rfxf7 Nxf7 41. Rxf7 Nxa5 42. e5 dxe5 43. Ne4 Nc4 44. Nxc5 1-0

[Event "European Online Club-ch-I 2021"]
[Site "Online"]
[Date "2021.03.27"]
[Round "7.2"]
[White "Verdier, Patrice"]
[Black "Mammadzada, Gunay"]
[Result "0-1"]
[ECO "D13"]
[WhiteElo "2109"]
[BlackElo "2443"]
[Annotator "NA"]
[PlyCount "98"]
[EventDate "2021.03.27"]
[EventType "team-tourn"]
[EventCountry "NET"]
[SourceTitle "playchess.com"]
[Source "ChessBase"]
[SourceQuality "1"]
[TimeControl "900+5"]

1. d4 d5 2. c4 c6 3. Nc3 Nf6 4. Nf3 a6 5. cxd5 cxd5 6. Bf4 Nc6 7. Rc1 Bf5 8. e3 Rc8 9. Be2 e6 10. a3 Be7 11. O-O O-O 12. Nh4 Be4 13. f3 Bg6 14. Nxg6 hxg6 15. g4 Nd7 16. Bg3 Na5 17. e4 dxe4 18. fxe4 Bg5 19. Rc2 Be3+ 20. Kh1 Nb3 21. d5 Nd4 22. Bd3 Nxc2 23. Bxc2 e5 24. Bb3 Bd4 25. Qf3 Qb6 26. Ne2 Qf6 27. Qg2 Qe7 28. Nxd4 exd4 29. d6 Qg5 30. Bf4 Qb5 31. Qh3 d3 32. Bd1 Rfe8 33. Bf3 Ne5 34. Bd1 Rcd8 35. g5 Qc4 36. Qe3 Rxd6 37. Bg3 Rd7 38. Rf4 d2 39. Kg2 Nd3 40. Rh4 Nxb2 41. Bb3 d1=Q 42. Bxd1 Rxd1 43. Qf3 Rd3 44. Qg4 Qe6 45. Qf4 Red8 46. Bf2 Nd1 47. Bc5 Rd2+ 48. Kh1 Nc3 49. Qg3 Nxe4 0-1

[Event "European Online Club-ch-I 2021"]
[Site "Online"]
[Date "2021.03.27"]
[Round "7.3"]
[White "Shahaliyev, Ismayil"]
[Black "Van Hoolandt, Patrick"]
[Result "1-0"]
[ECO "C65"]
[WhiteElo "2413"]
[BlackElo "2017"]
[Annotator "NA"]
[PlyCount "97"]
[EventDate "2021.03.27"]
[EventType "team-tourn"]
[EventCountry "NET"]
[SourceTitle "playchess.com"]
[Source "ChessBase"]
[SourceQuality "1"]
[TimeControl "900+5"]

1. e4 e5 2. Nf3 Nc6 3. Bb5 Nf6 4. d3 Bc5 5. c3 O-O 6. Nbd2 Re8 7. O-O a6 8. Ba4 b5 9. Bb3 d6 10. h3 h6 11. a4 Bd7 12. Re1 Qe7 13. Nf1 Bb6 14. Ng3 b4 15. d4 exd4 16. cxd4 a5 17. Bf4 Nh7 18. Qd2 Rad8 19. Rac1 Qf6 20. Be3 Ne7 21. e5 dxe5 22. dxe5 Qg6 23. Nh4 Bxe3 24. Qxe3 Qg5 25. Bxf7+ Kxf7 26. e6+ Kf8 27. exd7 Rxd7 28. Qf3+ Qf6 29. Qg4 Rd4 30. Ne4 Qf7 31. Qg3 Nd5 32. Ng6+ Kg8 33. Nc5 Ng5 34. Ne5 Qf4 35. Qxf4 Nxf4 36. h4 Nf7 37. Nf3 Rdd8 38. Rxe8+ Rxe8 39. Kf1 Nd6 40. g3 Nd5 41. Nb3 Ra8 42. Rc5 Nb6 43. Rxc7 Nxa4 44. Rd7 Ne4 45. Nbd4 Nxb2 46. Ne6 a4 47. Rxg7+ Kh8 48. Ne5 Nxg3+ 49. Kg2 1-0

[Event "European Online Club-ch-I 2021"]
[Site "Online"]
[Date "2021.03.27"]
[Round "7.4"]
[White "Rapaire, Jean-Michel"]
[Black "Bashirli, Nail"]
[Result "0-1"]
[ECO "B02"]
[WhiteElo "1739"]
[BlackElo "2382"]
[Annotator "NA"]
[PlyCount "100"]
[EventDate "2021.03.27"]
[EventType "team-tourn"]
[EventCountry "NET"]
[SourceTitle "playchess.com"]
[Source "ChessBase"]
[SourceQuality "1"]
[TimeControl "900+5"]

1. e4 Nf6 2. Nc3 d5 3. exd5 Nxd5 4. Nxd5 Qxd5 5. Qf3 Qe5+ 6. Qe3 Qxe3+ 7. dxe3 Nc6 8. Bb5 Bd7 9. Bd2 O-O-O 10. O-O-O e5 11. Ne2 f6 12. e4 Bc5 13. f3 h5 14. a3 h4 15. h3 Be6 16. Bxc6 bxc6 17. Bb4 Be3+ 18. Kb1 Bc4 19. Nc3 c5 20. Ba5 Kb7 21. Nd5 Bxd5 22. Rxd5 Kc6 23. Rhd1 Rd6 24. c4 Rh5 25. Re1 Bd4 26. Re2 Kd7 27. Rxd6+ cxd6 28. Kc2 Rh8 29. Be1 g6 30. b3 Kc6 31. Bd2 a6 32. Ba5 f5 33. Be1 Kd7 34. Kd3 Ke6 35. Kc2 Kf6 36. b4 cxb4 37. Bxb4 Ke6 38. Kd3 Rb8 39. Kc2 Kd7 40. Bc3 Bc5 41. Bb2 Kc6 42. Rd2 a5 43. Rd3 a4 44. Bc1 Rf8 45. Bg5 fxe4 46. fxe4 Rf2+ 47. Kb1 Rxg2 48. Bxh4 Re2 49. Rg3 Rxe4 50. Rxg6 Rxh4 0-1

[Event "European Online Club-ch-I 2021"]
[Site "Online"]
[Date "2021.03.27"]
[Round "7.5"]
[White "Batsiashvili, Nino"]
[Black "Saric, Ivan"]
[Result "1/2-1/2"]
[ECO "E90"]
[WhiteElo "2491"]
[BlackElo "2648"]
[Annotator "ChessBase"]
[PlyCount "152"]
[EventDate "2021.03.27"]
[EventType "team-tourn"]
[EventCountry "NET"]
[SourceTitle "playchess.com"]
[Source "ChessBase"]
[SourceQuality "1"]
[TimeControl "900+5"]

1. d4 Nf6 2. c4 c5 3. d5 g6 4. Nc3 d6 5. e4 Bg7 6. Nf3 O-O 7. Bd3 e6 8. O-O exd5 9. exd5 Bg4 10. h3 Bxf3 11. Qxf3 Nfd7 12. Qd1 Na6 13. Re1 Nc7 14. Bf1 Re8 15. Be3 a6 16. a4 f5 17. Qd2 Qf6 18. Bf4 Ne5 19. a5 Nf7 20. Qc2 Rxe1 21. Rxe1 Re8 22. Rb1 g5 23. Bd2 g4 24. Qd3 Ne5 25. Qg3 h5 26. hxg4 fxg4 27. b4 cxb4 28. Rxb4 Rf8 29. Ne4 Qg6 30. Rxb7 Qxe4 31. Rxc7 Qf5 32. c5 dxc5 33. Rxg7+ Kxg7 34. Bc3 Kf6 35. Bd3 Qg5 36. f4 gxf3 37. Qxg5+ Kxg5 38. Bxe5 Re8 39. Bc7 Re1+ 40. Kf2 fxg2 41. Kxg2 Rd1 42. Bc4 Rd4 43. Bxa6 Rxd5 44. Bb7 Rd7 45. a6 Rxc7 46. a7 Rxb7 47. a8=Q Rb2+ 48. Kf3 Rb3+ 49. Ke4 Rb4+ 50. Kd5 h4 51. Kxc5 Rf4 52. Kd5 h3 53. Qh8 Rh4 54. Qe5+ Kg4 55. Qh2 Kf3 56. Ke5 Rh5+ 57. Kf6 Rh8 58. Kg7 Rh4 59. Kg6 Rh8 60. Qh1+ Kg3 61. Qg1+ Kf3 62. Qf1+ Kg3 63. Qe1+ Kg2 64. Qd2+ Kg1 65. Qc1+ Kg2 66. Qb2+ Kg1 67. Qd4+ Kg2 68. Qxh8 h2 69. Qb2+ Kg1 70. Qc1+ Kg2 71. Qd2+ Kg1 72. Qe1+ Kg2 73. Qe2+ Kg1 74. Kg5 h1=Q 75. Qe1+ Kh2 76. Qxh1+ Kxh1 1/2-1/2

[Event "European Online Club-ch-I 2021"]
[Site "Online"]
[Date "2021.03.27"]
[Round "7.6"]
[White "Heberla, Bartlomiej"]
[Black "Javakhishvili, Lela"]
[Result "0-1"]
[ECO "B07"]
[WhiteElo "2556"]
[BlackElo "2473"]
[Annotator "ChessBase"]
[PlyCount "42"]
[EventDate "2021.03.27"]
[EventType "team-tourn"]
[EventCountry "NET"]
[SourceTitle "playchess.com"]
[Source "ChessBase"]
[SourceQuality "1"]
[TimeControl "900+5"]

1. e4 d6 2. d4 Nf6 3. Bd3 e5 4. c3 d5 5. dxe5 Nxe4 6. Nd2 Nc6 7. Ngf3 Bg4 8. Be2 Bc5 9. O-O O-O 10. Nb3 Bb6 11. Nfd4 Bxe2 12. Qxe2 Re8 13. f3 Nc5 14. Nxc6 Nxb3+ 15. Kh1 Nxc1 16. Raxc1 bxc6 17. f4 f6 18. e6 f5 19. g4 Qf6 20. Rce1 Re7 21. gxf5 Qxf5 0-1

[Event "European Online Club-ch-I 2021"]
[Site "Online"]
[Date "2021.03.27"]
[Round "7.7"]
[White "Atalik, Ekaterina"]
[Black "Polak, Tomas"]
[Result "0-1"]
[ECO "E17"]
[WhiteElo "2430"]
[BlackElo "2553"]
[Annotator "ChessBase"]
[PlyCount "102"]
[EventDate "2021.03.27"]
[EventType "team-tourn"]
[EventCountry "NET"]
[SourceTitle "playchess.com"]
[Source "ChessBase"]
[SourceQuality "1"]
[TimeControl "900+5"]

1. d4 Nf6 2. Nf3 b6 3. g3 Bb7 4. Bg2 e6 5. O-O Be7 6. c4 O-O 7. Re1 d5 8. cxd5 exd5 9. Nc3 Na6 10. a3 c5 11. Bf4 Nc7 12. Bxc7 Qxc7 13. Rc1 Rad8 14. dxc5 bxc5 15. Na4 Ne4 16. Nd2 Qa5 17. Nxe4 dxe4 18. Qc2 Rd2 19. Qc3 Qxc3 20. Rxc3 Rc8 21. Rec1 Rxe2 22. Bf1 Rd2 23. b4 Bf6 24. Rxc5 Rcd8 25. Rc7 Bd5 26. Rc8 Kf8 27. Rxd8+ Bxd8 28. Rc8 Ke7 29. Nc3 Bb7 30. Rc4 e3 31. fxe3 Bb6 32. Be2 Bxe3+ 33. Kf1 Rd6 34. Nb5 Rf6+ 35. Ke1 Rc6 36. Re4+ Re6 37. Rxe6+ Kxe6 38. Bc4+ Ke7 39. a4 f5 40. a5 g5 41. Ke2 Bg1 42. h3 Bg2 43. Nxa7 Bxa7 44. b5 Bc5 45. b6 Bxh3 46. Bd5 Kd6 47. Bh1 Ke5 48. Kd3 Bf1+ 49. Kc3 Ba6 50. b7 Ba7 51. Kb4 g4 0-1

[Event "European Online Club-ch-I 2021"]
[Site "Online"]
[Date "2021.03.27"]
[Round "7.8"]
[White "Nayhebaver, Martin"]
[Black "Daulyte-Cornette, Deimante"]
[Result "1/2-1/2"]
[ECO "C60"]
[WhiteElo "2485"]
[BlackElo "2387"]
[Annotator "ChessBase"]
[PlyCount "77"]
[EventDate "2021.03.27"]
[EventType "team-tourn"]
[EventCountry "NET"]
[SourceTitle "playchess.com"]
[Source "ChessBase"]
[SourceQuality "1"]
[TimeControl "900+5"]

1. e4 e5 2. Nf3 Nc6 3. Bb5 a6 4. Ba4 g6 5. O-O Bg7 6. c3 d6 7. d4 exd4 8. cxd4 b5 9. Bb3 Nge7 10. h3 O-O 11. Nc3 Na5 12. Bc2 Bb7 13. Rb1 c5 14. d5 Nc4 15. b3 Bxc3 16. bxc4 Bc8 17. Bd3 b4 18. Bb2 Bxb2 19. Rxb2 f6 20. Ne1 f5 21. Nf3 fxe4 22. Bxe4 Nf5 23. Re1 Ra7 24. Rbe2 Nh4 25. Nxh4 Qxh4 26. Qd2 Raf7 27. Qc2 a5 28. Rf1 Bd7 29. Qd2 a4 30. Qd3 Qg5 31. Kh2 Qh5 32. Kg1 Rf4 33. f3 Rh4 34. Qd2 Rhf4 35. Rfe1 Qg5 36. Kh2 Qh5 37. Kg1 Qg5 38. Kh2 Qh5 39. Kg1 1/2-1/2